Map: Ulrena

Players

Shura (Scarlett)

  • Race: Zerg Zerg

PtitDrogo - Winner!

  • Race: Protoss Protoss
  • League: Master

Event: Homestory Cup XII

VOD

Have the link to the VOD?

Description

Time

  • Played on: Dec. 17, 2015, 12:39 p.m.
  • Length: 7:46

All games in this series

Show
View Real Time Build Order
Export as new Build Order

Shura Zerg 

Build Orders: Hatch First 

Get SALT Encoding   

  12  0:00  Drone  
  13  0:15  Overlord  
  13  0:20  Drone  
  14  0:33  Drone x2  
  16  0:37  Drone  
  17  0:55  Hatchery  
  16  1:05  Spawning Pool  
  16  1:08  Drone  
  16  1:12  Drone  
  16  1:17  Drone  
  18  1:20  Drone  
  19  1:36  Drone  
  19  1:37  Extractor  
  19  1:41  Overlord  
  19  1:52  Queen  
  19  1:53  Zergling x2  
  22  2:05  Drone  
  23  2:10  Queen  
  23  2:11  Drone  
  26  2:19  Drone  
  26  2:20  Drone  
  28  2:27  Queen  
  28  2:29  Overlord  
  31  2:30  Drone  
  31  2:35  Zergling x2  
  32  2:40  Roach Warren  
  32  2:41  Zergling x2  
  32  2:46  Metabolic Boost  
  31  2:52  Zergling x2  
  31  2:53  Zergling x2  
  30  3:00  Zergling x2  
  27  3:06  Drone  
  27  3:07  Drone  
  27  3:13  Drone  
  27  3:14  Drone  
  29  3:23  Drone x2  
  29  3:25  Drone  
  32  3:29  Drone  
  33  3:35  Drone x2  
  35  3:45  Drone x3  
  38  3:49  Drone  
  38  3:50  Drone  
  38  3:52  Drone  
  38  4:04  Lair  
  38  4:06  Drone  
  35  4:11  Drone x2  
  36  4:18  Spore Crawler, Drone  
  36  4:20  Drone  
  36  4:23  Drone  
  38  4:30  Drone x4  
  42  4:33  Drone  
  42  4:37  Overlord  
  43  4:44  Extractor  
  40  4:48  Roach x2, Extractor  
  40  4:52  Overlord  
  42  4:55  Roach  
  46  5:00  Roach  
  46  5:06  Roach  
  47  5:14  Roach  
  47  5:15  Zergling x4  
  47  5:16  Zergling x2  
  47  5:21  Drone  
  47  5:22  Drone  
  47  5:27  Drone x2  
  43  5:35  Drone x2  
  43  5:40  Drone  
  45  5:43  Drone  
  41  5:52  Drone  
  41  5:54  Drone  
  42  5:59  Drone  
  43  6:07  Drone  
  43  6:08  Drone x2  
  46  6:12  Drone x2  
  46  6:17  Drone  
  46  6:18  Drone  
  50  6:23  Drone x2  
  52  6:30  Drone  
  53  6:41  Overlord  
  53  6:45  Hydralisk Den  
  53  6:46  Overlord  
  51  6:50  Spore Crawler  
  50  6:54  Overlord, Drone  
  50  6:59  Extractor  
  50  7:05  Drone x2  
  50  7:06  Drone x4  
  56  7:11  Ravager x3  
  59  7:15  Drone  
  59  7:16  Drone  
Show
View Real Time Build Order
Export as new Build Order

PtitDrogo Protoss - Winner!

Build Orders: Oracle Opening 

Get SALT Encoding   

  12  0:00  Probe (Chrono Boost)  
  13  0:11  Probe (Chrono Boost)  
  14  0:18  Pylon  
  14  0:22  Probe (Chrono Boost)  
  15  0:36  Probe (Chrono Boost)  
  15  0:37  Gateway  
  16  0:43  Assimilator  
  16  0:46  Probe (Chrono Boost)  
  17  0:57  Probe (Chrono Boost)  
  17  1:00  Gateway  
  18  1:08  Probe (Chrono Boost), Assimilator  
  19  1:18  Probe (Chrono Boost)  
  20  1:23  Cybernetics Core  
  20  1:29  Probe (Chrono Boost)  
  21  1:34  Pylon  
  21  1:39  Probe (Chrono Boost)  
  22  1:50  Probe (Chrono Boost)  
  23  2:00  Probe (Chrono Boost)  
  24  2:02  Adept x2  
  24  2:03  Warp Gate (Chrono Boost)  
  28  2:11  Probe (Chrono Boost)  
  28  2:14  Pylon  
  29  2:21  Probe (Chrono Boost)  
  29  2:22  Stargate  
  30  2:32  Probe (Chrono Boost)  
  31  2:42  Probe (Chrono Boost)  
  32  2:56  Nexus  
  32  2:59  Probe (Chrono Boost)  
  33  3:08  Oracle (Chrono Boost)  
  33  3:12  Mothership Core (Chrono Boost)  
  34  3:15  Pylon  
  34  3:19  Adept  
  36  3:24  Adept  
  38  3:31  Probe (Chrono Boost)  
  39  3:35  Gateway  
  39  3:42  Probe  
  40  3:54  Probe, Pylon  
  41  4:06  Probe (Chrono Boost)  
  42  4:11  Probe (Chrono Boost)  
  42  4:14  Adept x2  
  47  4:18  Probe (Chrono Boost)  
  47  4:22  Probe (Chrono Boost)  
  49  4:28  Probe (Chrono Boost)  
  50  4:32  Adept  
  50  4:33  Probe (Chrono Boost)  
  50  4:37  Adept x2  
  57  4:39  Probe (Chrono Boost)  
  57  4:43  Probe (Chrono Boost)  
  59  4:48  Pylon  
  59  4:49  Assimilator  
  59  4:50  Probe (Chrono Boost)  
  59  4:51  Assimilator  
  60  4:53  Sentry  
  60  4:54  Probe (Chrono Boost)  
  60  4:57  Sentry x2  
  67  5:00  Probe (Chrono Boost)  
  67  5:04  Probe (Chrono Boost)  
  69  5:11  Probe (Chrono Boost)  
  70  5:15  Probe (Chrono Boost)  
  70  5:18  Sentry  
  70  5:21  Probe (Chrono Boost)  
  70  5:25  Probe (Chrono Boost)  
  69  5:30  Stalker x2  
  69  5:31  Void Ray (Chrono Boost)  
  69  5:34  Probe, Pylon  
  69  5:35  Probe  
  70  5:36  Gateway  
  70  5:37  Gateway  
  70  5:38  Pylon  
  71  5:51  Stalker  
  71  5:54  Stalker x2  
  77  6:03  Twilight Council  
  77  6:09  Nexus  
  77  6:12  Pylon  
  77  6:17  Stalker  
  77  6:18  Stalker  
  81  6:19  Sentry  
  81  6:24  Probe  
  83  6:26  Probe  
  85  6:35  Probe  
  85  6:38  Probe  
  87  6:42  Stalker x2  
  87  6:45  Probe  
  87  6:46  Stalker x2  
  95  6:50  Probe, Pylon  
  97  6:56  Stalker, Probe  
  100  7:02  Probe  
  100  7:04  Robotics Facility  
  100  7:06  Probe  
  102  7:14  Probe  
  103  7:17  Probe  
Tags
 
Add a new tag
Caveats
  • Supply blocks, unpowered buildings, or Contaminate may cause inaccurate times.
  • Supply counts are checked every 10 seconds.